 Dungeon Sprint DCSS version 0.17-a0-1636-g3119f2b (webtiles) character file.

259 Kidiri the Covert (level 5, -3/23 (24) HPs)
             Began as a Spriggan Enchanter on Aug 5, 2015.
             Slain by a necrophage (6 damage)
             ... in the Dungeon (Sprint II: "The Violet Keep of Menkaure").
             The game lasted 00:00:43 (49 turns).

Kidiri the Covert (Spriggan Enchanter)                Turns: 49, Time: 00:00:43

HP:   -3/23 (24)    AC:  3    Str:  4    XL:     5   Next: 94%
MP:   8/16          EV: 25    Int: 17    God:
Gold: 0             SH:  0    Dex: 17    Spells: 1 memorised, 18 levels left

rFire  . . .     SeeInvis +     a - +1 dagger
rCold  . . .     Clarity  .     b - +1 robe
rNeg   . . .     SustAt   .     (shield restricted)
rPois  .         Gourm    .     (helmet restricted)
rElec  .         Spirit   .     (no cloak)
rCorr  .         Warding  .     (gloves unavailable)
rMut   .         NoTele   +     (boots unavailable)
MR     .....                    (no amulet)
Stlth  +++++.....               (no ring)
                                (no ring)

@: exhausted, non-regenerating, diseased, very quick, not resistant to hostile
enchantments, quite stealthy
A: unfitting armour, see invisible, herbivore 3, speed 3, slow metabolism 2
a: no special abilities


You were in the Dungeon.
You were not hungry.

You visited 1 branch

Inventory:

Hand weapons
 a - a +1 dagger (weapon)
Armour
 b - a +1 robe (worn)
Scrolls
 j - a scroll of blinking
Potions
 g - a potion of haste
 h - 2 potions of magic
Books
 c - a book of Maledictions

   Spells                             Type                      Level
   a - Corona                         Hexes                        1
   b - Ensorcelled Hibernation        Hexes/Ice                    2
   c - Confuse                        Hexes                        3
   d - Tukima's Dance                 Hexes                        3
   e - Dazzling Spray                 Conjuration/Hexes            3
Comestibles
 d - a bread ration


   Skills:
 + Level 4.6 Short Blades
 * Level 9.3 Dodging
 * Level 10.5 Stealth
 * Level 7.9 Spellcasting
 + Level 6.2 Hexes


You had 18 spell levels left.
You knew the following spells:

 Your Spells              Type           Power        Failure   Level  Hunger
a - Corona                Hex            ####...      1%          1    None


Dungeon Overview and Level Annotations

Branches:
Dungeon (1/1)

Altars:


Innate Abilities, Weirdness & Mutations

You are tiny and cannot use many weapons and most armour.
You have supernaturally acute eyesight.
You are a herbivore.
You cover ground extremely quickly.
You need consume almost no food.


Message History

You closely miss the necrophage.
The necrophage is almost destroyed.
You feel yourself speed up. The necrophage completely misses you.
Drink which item? (? for menu, Esc to quit)
You feel better. The necrophage misses you.
You hit the necrophage.
You destroy the necrophage!
Your Dodging skill increases to level 9!
Your Stealth skill increases to level 10!
Your Hexes skill increases to level 6!
You hit the necrophage.
The necrophage is lightly damaged.
The necrophage hits you.
* * * LOW HITPOINT WARNING * * *
You feel ill.
Your flesh rots away!
Your flesh rots away!
You hit the necrophage.
The necrophage is lightly damaged.
The necrophage hits you.
You die...

## ##.#
#+#
#...##.##
#$n@<.+
#...##.##
##.# #+#
## #$.
##ww .##
##


You could see a necrophage.

Vanquished Creatures
  3 necrophages (D)
3 creatures vanquished.

Notes
Turn   | Place    | Note
--------------------------------------------------------------
     0 | D        | Kidiri the Spriggan Enchanter began the quest for the Orb.
     0 | D        | Reached XP level 1. HP: 9/9 MP: 5/5
     5 | D        | Noticed a necrophage
     5 | D        | Noticed a necrophage
     5 | D        | Noticed a necrophage
     5 | D        | Noticed a necrophage
    19 | D        | Killed a necrophage
    19 | D        | Reached skill level 6 in Dodging
    19 | D        | Reached skill level 7 in Stealth
    19 | D        | Reached skill level 5 in Spellcasting
    19 | D        | Reached skill level 5 in Hexes
    19 | D        | Reached XP level 2. HP: 12/12 MP: 4/9
    19 | D        | Reached XP level 3. HP: 14/15 MP: 4/11
    19 | D        | Reached XP level 4. HP: 19/20 MP: 4/12
    24 | D        | Killed a necrophage
    24 | D        | Reached skill level 8 in Dodging
    24 | D        | Reached skill level 9 in Stealth
    24 | D        | Reached XP level 5. HP: 14/21 MP: 5/15
    47 | D        | Killed a necrophage
    47 | D        | Reached skill level 10 in Stealth
    49 | D        | Slain by a necrophage

Vault maps used:
D:        the_violet_keep_of_menkaure

Action                   |  1- 3 |  4- 6 || total
-------------------------+-------+-------++-------
Melee: Dagger            |    12 |    25 ||    37
 Cast: Corona            |     1 |     1 ||     2
  Use: Potion            |     1 |     2 ||     3
